Map: Nightshade LE

Players

Cure

  • Race: Terran Terran
  • Spawn Location: 11:00

TYTY (TY) - Winner!

  • Race: Terran Terran
  • Spawn Location: 5:00

Event: IEM Katowice 2020

VOD

Have the link to the VOD?

Description

Time

  • Played on: Feb. 28, 2020, 1:39 p.m.
  • Length: 18:58

All games in this series

Show
View Real Time Build Order
Export as new Build Order

Cure Terran 

Build Orders: Cyclone Opening 

Get SALT Encoding   

  12  0:00  SCV  
  13  0:12  SCV  
  14  0:17  Supply Depot  
  14  0:24  SCV  
  14  0:27  Refinery  
  15  0:38  SCV  
  16  0:44  Barracks  
  16  0:50  SCV  
  16  0:53  Refinery  
  17  1:02  SCV  
  18  1:15  SCV  
  19  1:30  Orbital Command  
  19  1:32  Factory  
  19  1:35  Reaper  
  20  1:44  Supply Depot  
  20  1:57  SCV  
  21  2:02  Bunker  
  21  2:07  Reaper  
  22  2:09  SCV  
  24  2:15  Hellion  
  24  2:21  SCV  
  25  2:30  Command Center  
  25  2:34  SCV  
  26  2:39  Supply Depot  
  26  2:41  Factory Tech Lab  
  26  2:44  Barracks Reactor  
  26  2:46  SCV  
  27  2:58  SCV  
  27  2:59  Cyclone  
  31  3:07  Starport  
  31  3:10  SCV  
  31  3:21  Marine x2  
  31  3:22  SCV  
  34  3:34  SCV  
  34  3:37  Factory Tech Lab  
  34  3:39  Marine x2  
  37  3:47  SCV  
  38  3:49  Refinery  
  38  3:55  Raven, Orbital Command  
  40  4:00  Cyclone  
  40  4:02  SCV  
  44  4:04  Marine  
  44  4:05  Marine  
  46  4:12  Supply Depot  
  46  4:14  SCV  
  47  4:23  SCV  
  47  4:24  Marine  
  48  4:25  Marine  
  48  4:26  SCV, Supply Depot  
  51  4:35  SCV  
  51  4:38  SCV, Siege Tank  
  56  4:40  Supply Depot  
  56  4:44  Raven  
  58  4:47  SCV  
  58  4:48  Marine  
  58  4:50  SCV  
  58  4:51  Marine  
  62  4:55  Supply Depot  
  62  4:59  SCV  
  63  5:02  SCV  
  63  5:03  Supply Depot  
  63  5:06  Marine  
  65  5:09  Marine  
  65  5:11  SCV  
  65  5:13  Siege Tank  
  70  5:14  SCV  
  71  5:24  SCV  
  71  5:26  SCV  
  71  5:28  Marine x2  
  74  5:29  Raven  
  77  5:36  SCV, Supply Depot  
  77  5:38  SCV  
  76  5:46  Marine x2, Siege Tank  
  76  5:48  SCV  
  81  5:50  SCV  
  82  6:00  SCV  
  82  6:03  SCV  
  84  6:16  SCV x2  
  84  6:18  Command Center  
  85  6:22  Marine, Siege Tank  
  85  6:25  Viking x2  
  93  6:28  SCV x2  
  93  6:36  Engineering Bay, Refinery  
  93  6:38  Supply Depot, Engineering Bay  
  93  6:39  Marine  
  93  6:41  SCV x2  
  95  6:51  Supply Depot  
  95  6:54  Supply Depot  
  92  7:13  SCV x2, Viking x2, Marine  
  94  7:15  Siege Tank  
  85  7:23  Terran Infantry Weapons Level 1, Terran Infantry Armor Level 1  
  85  7:24  Barracks  
  85  7:25  SCV x2, Barracks x2  
  85  7:26  Barracks  
  85  7:30  Marine  
  85  7:32  Orbital Command  
  85  7:33  Stimpack  
  86  7:37  SCV x2  
  86  7:43  Viking  
  86  7:44  Viking  
  92  7:48  Marine  
  92  7:50  SCV x2  
  91  8:04  Orbital Command  
  89  8:06  Marine  
  89  8:08  SCV x2  
  89  8:11  Siege Tank  
  95  8:13  Viking x2  
  99  8:20  Barracks Reactor  
  99  8:21  Barracks Reactor, Marine  
  99  8:22  Marine  
  99  8:24  SCV x2  
  103  8:28  Marine  
  102  8:40  SCV x2  
  101  8:43  Viking x2  
  101  8:46  Barracks Reactor x2  
  103  8:53  Marine  
  103  8:54  SCV x2  
  103  9:01  Marine x4  
  103  9:02  Siege Tank  
  110  9:06  SCV x2  
  112  9:14  Marine  
  107  9:19  Viking x2, Marine x4  
  107  9:24  SCV x2  
  116  9:26  Marine  
  116  9:29  Supply Depot  
  116  9:30  Supply Depot  
  117  9:42  Marine x5  
  117  9:44  Marine x3  
  117  9:46  Marine  
  117  9:49  Viking  
  116  9:54  Orbital Command  
  116  9:56  SCV x2  
  116  9:59  Combat Shield  
  118  10:00  Marine x5  
  118  10:02  Marine x3  
  126  10:08  SCV x2  
  126  10:09  Viking  
  130  10:20  SCV x2, Refinery  
  132  10:21  SCV, Refinery  
  133  10:29  Sensor Tower  
  133  10:38  Supply Depot  
  133  10:39  Supply Depot  
  133  10:42  Armory  
  133  10:44  SCV  
  133  10:53  SCV  
  133  10:57  Missile Turret, Sensor Tower  
  133  11:00  Viking, Medivac, Marine x6, Siege Tank  
  146  11:13  Command Center  
  146  11:14  Factory  
  146  11:19  Supply Depot  
  146  11:21  Supply Depot  
  146  11:23  Supply Depot  
  146  11:24  Marine x3  
  149  11:32  Terran Infantry Armor Level 2, Terran Infantry Weapons Level 2  
  149  11:35  Terran Vehicle Weapons Level 1  
  149  11:40  Marine x5  
  149  11:41  Medivac  
  149  11:43  Supply Depot, Siege Tank  
  149  11:44  Supply Depot  
  159  11:50  Medivac  
  161  11:55  Supply Depot x2  
  161  11:57  Marine x3  
  164  12:09  Marine x2  
  164  12:10  Marine x2  
  164  12:11  Barracks Reactor  
  164  12:14  Viking  
  164  12:15  Missile Turret, Siege Tank  
  170  12:20  Viking  
  170  12:21  Siege Tank  
  175  12:26  Marine x4  
  175  12:27  Marine x2  
  181  12:44  Viking  
  181  12:47  Siege Tank  
  181  12:50  Viking  
  187  12:53  Siege Tank  
  187  12:54  Marine x6  
  194  13:05  Command Center  
  194  13:11  Marine x4  
  194  13:12  Marine x2  
  197  13:28  Siege Tank  
  197  13:31  Marine  
  200  13:38  Terran Vehicle Weapons Level 2  
  200  13:44  Starport  
  200  13:45  Fusion Core  
  200  13:50  Terran Infantry Weapons Level 3, Terran Infantry Armor Level 3  
  200  13:54  Command Center  
  197  14:03  Viking  
  198  14:15  Marine x2  
  200  14:22  Starport  
  200  14:23  Refinery  
  200  14:28  Command Center  
  200  14:29  Starport Reactor  
  200  14:31  Refinery  
  200  14:35  Planetary Fortress, Sensor Tower  
  200  14:40  Missile Turret  
  200  14:43  Missile Turret  
  200  14:45  Missile Turret  
  199  14:50  Viking x2  
  184  14:53  Marine x2  
  184  14:54  Marine x3  
  186  15:00  Viking  
  175  15:20  Marine x4  
  175  15:21  Marine x4  
  173  15:22  Medivac x4  
  180  15:29  Siege Tank  
  183  15:35  Starport Reactor  
  183  15:38  Orbital Command  
  183  15:41  Marine x6  
  189  15:52  Viking  
  189  15:53  Viking  
  190  16:12  Siege Tank x2  
  189  16:20  Viking x2  
  189  16:21  Viking, Medivac  
  189  16:22  Medivac  
  197  16:32  Viking  
  199  16:50  Terran Ship Weapons Level 1  
  199  16:52  Armory  
  199  16:56  Sensor Tower  
  199  16:59  Refinery  
  199  17:04  Refinery  
  197  17:13  Viking x4  
  179  17:19  Viking x2  
  172  17:23  Orbital Command  
  171  17:30  Marine x4  
  171  17:31  Marine x2  
  176  17:43  Viking x4  
  172  17:49  Viking x2  
  172  17:50  Marine x4  
  156  17:54  Marine  
  149  18:13  Viking x2, Medivac x2  
  149  18:18  Viking  
  149  18:19  Viking  
  149  18:35  Refinery  
  149  18:36  Missile Turret, Refinery  
Show
View Real Time Build Order
Export as new Build Order

TYTY Terran - Winner!

Build Orders: Liberator Opening 

Get SALT Encoding   

  12  0:00  SCV  
  13  0:12  SCV  
  14  0:17  Supply Depot  
  14  0:25  SCV  
  14  0:27  Refinery  
  15  0:38  SCV  
  16  0:44  Barracks  
  16  0:50  SCV  
  16  0:54  Refinery  
  17  1:03  SCV  
  18  1:15  SCV  
  19  1:31  Reaper  
  19  1:32  Orbital Command  
  20  1:36  Factory  
  20  1:46  Supply Depot  
  20  1:58  SCV  
  21  2:03  Reaper  
  22  2:10  SCV  
  23  2:20  Hellion  
  25  2:23  SCV  
  26  2:35  Reaper, Command Center  
  27  2:41  Hellion  
  29  2:47  Supply Depot  
  29  2:48  SCV  
  30  3:00  SCV  
  30  3:05  Starport  
  31  3:11  Factory Tech Lab  
  31  3:12  SCV  
  32  3:13  Barracks Reactor  
  29  3:24  SCV  
  30  3:31  Siege Tank  
  33  3:36  SCV  
  34  3:42  Liberator  
  34  3:46  Orbital Command  
  37  3:49  Marine x2  
  37  3:50  SCV  
  40  4:01  Supply Depot  
  41  4:07  Marine x2, Siege Tank  
  46  4:10  SCV  
  46  4:13  SCV  
  46  4:16  Refinery  
  47  4:22  SCV  
  48  4:25  SCV  
  48  4:27  Marine x2  
  53  4:34  SCV  
  53  4:37  SCV, Supply Depot  
  53  4:44  Raven  
  53  4:45  Marine x2  
  57  4:46  SCV  
  57  4:49  SCV  
  57  4:51  Factory Tech Lab  
  59  4:53  Supply Depot  
  59  4:58  SCV  
  60  5:01  SCV  
  60  5:02  Marine  
  60  5:03  Marine  
  63  5:10  SCV  
  63  5:11  Siege Tank  
  63  5:13  SCV  
  68  5:14  Supply Depot  
  68  5:17  Supply Depot  
  68  5:22  SCV  
  68  5:25  SCV  
  70  5:28  Raven  
  70  5:34  SCV  
  70  5:35  Marine x2  
  75  5:37  SCV  
  76  5:45  Siege Tank  
  76  5:46  SCV  
  80  5:51  SCV  
  80  5:52  Command Center  
  80  5:53  Marine x2  
  82  5:58  SCV  
  83  6:05  SCV  
  83  6:08  Barracks x2  
  83  6:11  SCV  
  82  6:22  Viking x2  
  82  6:25  Marine  
  87  6:30  Siege Tank  
  91  6:35  Refinery  
  91  6:38  SCV  
  92  6:44  Marine  
  93  6:52  Viking  
  94  6:55  Barracks Reactor x2  
  94  6:58  Engineering Bay x2  
  94  7:03  Viking  
  94  7:06  SCV  
  96  7:08  SCV  
  86  7:18  SCV  
  86  7:20  SCV  
  86  7:22  Viking  
  88  7:23  Engineering Bay x2  
  88  7:29  Siege Tank  
  91  7:33  Viking  
  91  7:36  Marine x3  
  91  7:37  Marine x2  
  96  7:38  Terran Infantry Weapons Level 1  
  96  7:39  Barracks  
  96  7:40  SCV x2  
  96  7:42  Stimpack  
  100  7:51  Orbital Command  
  100  7:52  SCV x2  
  100  7:54  Marine  
  100  7:55  Viking  
  105  8:03  Viking, Marine  
  101  8:05  SCV  
  101  8:07  Marine x2  
  101  8:08  Marine  
  106  8:12  SCV  
  106  8:16  Siege Tank  
  109  8:27  Supply Depot  
  109  8:28  Supply Depot  
  109  8:29  Viking, Marine x5  
  116  8:39  SCV  
  116  8:40  Refinery  
  117  8:42  SCV x2, Refinery  
  117  8:46  Barracks Reactor  
  117  8:48  Barracks  
  117  8:51  SCV  
  117  8:55  SCV  
  118  8:58  Marine x5  
  118  9:00  Siege Tank  
  118  9:02  Medivac  
  127  9:07  SCV x3  
  130  9:16  Marine x5  
  133  9:24  Supply Depot x2, Terran Infantry Armor Level 1  
  133  9:25  Supply Depot  
  133  9:27  Armory  
  133  9:37  Supply Depot x2  
  133  9:39  Medivac, Marine  
  133  9:41  Medivac  
  133  9:45  SCV, Marine x3  
  139  9:48  Marine x2  
  139  9:50  SCV x2  
  135  9:52  Combat Shield  
  135  9:53  Armory  
  135  9:54  Barracks Reactor  
  135  10:01  Marine x2  
  135  10:06  Marine, Sensor Tower  
  140  10:07  Marine x4  
  140  10:13  Medivac  
  144  10:19  Marine  
  144  10:20  Terran Infantry Weapons Level 2  
  145  10:22  SCV x2  
  145  10:27  Supply Depot  
  148  10:28  Marine  
  148  10:29  Marine x2  
  148  10:31  Supply Depot, Siege Tank  
  148  10:34  Marine  
  148  10:35  Marine  
  158  10:45  Medivac x2  
  158  10:49  Marine x6  
  167  10:50  Supply Depot  
  164  10:59  Marine x2  
  166  11:07  Siege Tank  
  166  11:08  Command Center  
  166  11:10  Marine x4  
  172  11:23  Marine  
  172  11:24  Marine  
  174  11:26  Viking x2  
  174  11:29  Factory  
  174  11:30  SCV x2  
  180  11:33  Terran Infantry Armor Level 2  
  180  11:40  Siege Tank  
  180  11:42  SCV  
  180  11:43  SCV x2  
  183  11:53  Terran Vehicle Weapons Level 1  
  183  11:56  Viking  
  187  12:04  SCV x3  
  190  12:12  Siege Tank  
  190  12:13  Factory Tech Lab  
  192  12:15  Sensor Tower  
  192  12:19  SCV  
  192  12:20  SCV  
  200  12:28  Liberator x2  
  197  12:33  Siege Tank  
  200  12:37  Terran Infantry Weapons Level 3  
  200  12:45  Refinery  
  200  12:47  Planetary Fortress  
  200  12:48  Refinery  
  197  13:02  Siege Tank  
  196  13:07  Command Center  
  196  13:08  SCV x2, Command Center  
  198  13:19  Starport  
  198  13:20  Supply Depot  
  198  13:24  Command Center  
  195  13:27  Viking  
  195  13:29  Viking  
  194  13:42  Siege Tank x2  
  194  13:47  Missile Turret x2  
  197  13:51  Terran Infantry Armor Level 3  
  197  13:52  Terran Vehicle Weapons Level 2  
  197  14:02  Command Center  
  196  14:05  Viking x2, Starport Reactor  
  200  14:13  Refinery  
  200  14:24  Starport  
  200  14:28  Refinery  
  200  14:30  Command Center  
  200  14:33  Fusion Core  
  195  14:56  Viking  
  195  14:57  Viking  
  177  15:20  Viking  
  175  15:21  Viking  
  175  15:22  Starport Reactor  
  173  15:30  Planetary Fortress  
  173  15:31  Marine x2  
  173  15:32  Marine x4  
  173  15:33  Viking x2, Command Center  
  173  15:34  Command Center  
  183  15:37  Advanced Ballistics  
  180  15:50  Liberator  
  180  15:51  Liberator  
  180  15:54  Missile Turret  
  180  15:55  Missile Turret  
  191  15:57  Missile Turret  
  191  16:03  Viking, Liberator  
  196  16:04  Viking x2  
  188  16:19  Siege Tank x2  
  188  16:20  Marine  
  188  16:21  Marine x6  
  188  16:24  Terran Vehicle And Ship Armor Level 1  
  186  16:27  Planetary Fortress  
  186  16:28  Refinery  
  186  16:29  Armory  
  186  16:31  SCV  
  189  16:33  Viking x2  
  189  16:34  Viking x3  
  189  16:38  Orbital Command  
  197  16:46  Viking  
  199  16:52  Refinery, Orbital Command x2  
  197  17:07  Viking x2  
  190  17:10  Viking x2  
  190  17:12  Siege Tank x2  
  190  17:13  Liberator  
  190  17:15  Liberator  
  190  17:16  Marine x3  
  190  17:17  Marine  
  190  17:21  Marine x3  
  184  17:45  Siege Tank x2  
  173  17:56  Liberator x3  
  178  17:59  Orbital Command  
  178  18:04  Refinery, Marine x6  
  184  18:13  Sensor Tower  
  184  18:17  Siege Tank x2  
  188  18:24  Refinery  

Tags
 
Add a new tag
Caveats
  • Supply blocks, unpowered buildings, or Contaminate may cause inaccurate times.
  • Supply counts are checked every 10 seconds.